 Dungeon Crawl Stone Soup version 0.25.0-9-g26727b657a (webtiles) character file.

Game seed: 5751961295789772417

219 MajorAdolf the Sneak (level 5, -1/51 HPs)
             Began as a Naga Wanderer on June 19, 2020.
             Slain by a scorpion (3 damage)
             ... on level 4 of the Dungeon.
             The game lasted 00:08:22 (4834 turns).

MajorAdolf the Sneak (Naga Wanderer)                Turns: 4834, Time: 00:08:23

Health: -1/51      AC:  5    Str: 20    XL:     5   Next: 96%
Magic:  8/8        EV:  5    Int: 10    God:
Gold:   199        SH:  0    Dex:  8    Spells: 7/8 levels left

rFire    . . .     SeeInvis +   u - +0 hand axe
rCold    . . .     Gourm    .   (no shield)
rNeg     . . .     Faith    .   k - +0 chain mail
rPois    +         Spirit   .   (no helmet)
rElec    .         Reflect  .   (no cloak)
rCorr    .         Harm     .   (no gloves)
MR       .....                  (no barding)
Stlth    ..........             (no amulet)
HPRegen  0.17/turn              i - ring of flight
MPRegen  0.11/turn              (no ring)

@: short of breath, very slow
A: large, see invisible, deformed body, poison resistance, slowness 2, slow
metabolism 1, spit poison 1, AC +1
a: Spit Poison, Evoke Flight


You were on level 4 of the Dungeon.
You were not hungry.

You visited 1 branch of the dungeon, and saw 4 of its levels.

You collected 199 gold pieces.

Inventory:

Hand Weapons
 a - a +0 falchion
 u - a +0 hand axe (weapon)
Missiles
 b - 2 atropa-tipped darts (quivered)
Armour
 d - a +0 robe
 k - a +0 chain mail (worn)
 s - a +0 ring mail
Jewellery
 i - a ring of flight (left hand)
 x - an uncursed ring of stealth {unknown}
Wands
 h - a wand of random effects (5)
Scrolls
 g - 5 scrolls of teleportation
 j - a scroll of remove curse {unknown}
 l - a scroll of random uselessness {unknown}
 m - 2 scrolls of fear {unknown}
 n - a scroll of enchant weapon {unknown}
 o - a scroll of amnesia {unknown}
 r - 2 scrolls of magic mapping {unknown}
 w - 2 scrolls of identify {unknown}
Potions
 c - a potion of lignification
 p - a potion of magic {unknown}
 q - a potion of might {unknown}
 t - a potion of curing {unknown}
Comestibles
 f - 6 rations


   Skills:
 + Level 4.3 Fighting
 - Level 1.0 Long Blades
 * Level 1.3 Axes
 - Level 1.0 Throwing
 - Level 1.0 Dodging
 - Level 4.4 Stealth
 - Level 2.0 Spellcasting
   Level 1.0 Earth Magic
 + Level 2.8 Evocations


You had 7 spell levels left.
You knew the following spells:

 Your Spells              Type           Power        Failure   Level  Hunger
a - Magic Dart            Conj           #...         98%         1    ##.....

Your spell library contained the following spells:

 Spells                   Type           Power        Failure   Level  Hunger
 Blink                    Tloc           N/A          99%         2    ###....
 Call Imp                 Summ           #.......     99%         2    ###....
 Slow                     Hex            #.......     99%         2    ###....
 Conjure Flame            Conj/Fire      #.......     100%        3    ####...
 Mephitic Cloud           Conj/Pois/Air  #.......     100%        3    ####...


Dungeon Overview and Level Annotations

Branches:
Dungeon (4/15)
 Temple: D:4-7

Altars:
Cheibriados
Okawaru
Xom
The Shining One


Innate Abilities, Weirdness & Mutations

You cannot wear boots.
Your serpentine skin is tough. (AC +1)
You have supernaturally acute eyesight. (SInv)
Armour fits poorly on your strangely shaped body.
Your system is resistant to poisons. (rPois)
You cover ground very slowly.
You have a slow metabolism.
You can spit poison.


Message History

The scorpion is severely wounded.
The scorpion stings you but does no damage.
You hit the scorpion.
The scorpion is severely wounded.
The scorpion stings you.
* * * LOW HITPOINT WARNING * * *
The scorpion stings you.
* * * LOW HITPOINT WARNING * * *
Unknown command.
Okay, then.
Okay, then.
You have got your breath back.
Things that are here:
a +0 dagger; a club
Press: ? - help, Shift-Dir - straight line, f/p - scorpion
Aim: a scorpion (severely wounded)
The splash of poison hits the scorpion.
The scorpion is poisoned.
The scorpion is almost dead.
You feel slightly more hungry. The scorpion stings you.
You die...

#......#
#......# #+#
######. #..
...... #...
....# #... #...#
#
#...####...##..+
#..............#
#.....s@.......#
###...#######+##
##'## #. .. .#.
.### ##


You could see a scorpion (poisoned).

Vanquished Creatures
  A hound (D:4)
  An orc priest (D:3)
  4 gnolls (D:2)
  4 adders
  4 worms
  2 dart slugs
  2 leopard geckos (D:2)
  5 orcs
  4 ball pythons
  10 bats
  2 giant cockroaches
  5 goblins
  6 hobgoblins
  6 jackals
  2 quokkas (D:3)
  A frilled lizard (D:3)
  2 kobolds
  2 rats
63 creatures vanquished.

Notes
Turn   | Place    | Note
-------+----------+-------------------------------------------
     0 | D:1      | MajorAdolf the Naga Wanderer began the quest for the Orb.
     0 | D:1      | MajorAdolf set off with the following items: a +0 falchion,
                  | a potion of lignification, a +0 robe, a +0 dagger, a
                  | ration; and the following spell memorised: Magic Dart; and
                  | the following spells available to memorise: Blink, Call
                  | Imp, Slow, Conjure Flame, Mephitic Cloud
     0 | D:1      | Reached XP level 1. HP: 18/18 MP: 3/3
   336 | D:1      | Reached XP level 2. HP: 26/26 MP: 5/5
  1143 | D:1      | Reached XP level 3. HP: 30/33 MP: 6/6
  1721 | D:2      | Found a shimmering blue altar of Sif Muna.
  2012 | D:2      | Found a glowing golden altar of the Shining One.
  2012 | D:2      | Found a snail-covered altar of Cheibriados.
  2014 | D:2      | Found a glowing silver altar of Zin.
  2014 | D:2      | Found a shimmering altar of Xom.
  2014 | D:2      | Found a blossoming altar of Fedhas.
  2072 | D:2      | Reached skill level 1 in Evocations
  2525 | D:2      | Reached XP level 4. HP: 35/42 MP: 7/7
  3178 | D:3      | Found an iron altar of Okawaru.
  3583 | D:3      | Reached XP level 5. HP: 24/50 MP: 8/8
  4826 | D:4      | Reached skill level 1 in Axes
  4832 | D:4      | HP: 1/51 [scorpion (6)]
  4834 | D:4      | Slain by a scorpion

Illustrated notes

Levels and vault maps discovered:
D:1:      dpeg_arrival_simpleton_c, layout_basic, chequers_serial_rivers_micro_b
D:2:      layout_loops_ring, doesnt_xom_only_xom
D:3:      layout_loops_corners, okawaru_gym_becter, first_ration
D:4:      layout_gridville, gammafunk_temple_overflow_arena, marbit_many_paths,
          makhleb_blood_cavern_becter, minmay_joined_circles, uniq_pikel

Skill      XL: |  1  2  3  4  5 |
---------------+----------------+-----
Fighting       | 2 3 4 |  4.3
Evocations     | 1 2 |  2.8
Axes           | 1 |  1.3
Long Blades    | |  1.0
Throwing       | |  1.0
Dodging        | |  1.0
Stealth        | |  4.4
Spellcasting   | |  2.0
Earth Magic    | |  1.0

Action                   |  1- 3 |  4- 6 || total
-------------------------+-------+-------++-------
Melee: Falchion          |    72 |    51 ||   123
       Hand axe          |       |    80 ||    80
 Abil: Spit Poison       |    29 |    21 ||    50
Evoke: Wand              |     3 |     1 ||     4
  Use: Scroll            |       |     2 ||     2
 Stab: Sleeping          |     1 |       ||     1
  Eat: Chunk             |     1 |     8 ||     9
       Ration            |     1 |       ||     1
Armor: Robe              |     7 |       ||     7
       Chain mail        |    24 |   141 ||   165
Dodge: Dodged            |    36 |    75 ||   111
       Rpst.: Falchion   |    10 |     7 ||    17
